 Dungeon Crawl Stone Soup version 0.25-a0-578-gc91f01c39c (webtiles) character file.

Game seed: 930540722416752989, levelgen mode: deterministic

112 ReteAZ the Slasher (level 4, 0/33 HPs)
             Began as a Merfolk Gladiator on Mar 3, 2020.
             Was an Initiate of the Shining One.
             Killed from afar by an orc wizard (7 damage)
             ... with a puff of frost
             ... on level 3 of the Dungeon.
             The game lasted 00:02:31 (2285 turns).

ReteAZ the Slasher (Merfolk Gladiator)              Turns: 2285, Time: 00:02:32

Health: 0/33       AC:  4    Str: 14    XL:     4   Next: 93%
Magic:  4/4        EV: 14    Int:  7    God:    the Shining One [......]
Gold:   149        SH:  0    Dex: 16    Spells: 3/3 levels left

rFire    . . .     SeeInvis .   a - +0 long sword
rCold    . . .     Gourm    .   (no shield)
rNeg     . . .     Faith    .   b - +0 leather armour
rPois    .         Spirit   .   c - +0 helmet
rElec    .         Reflect  .   (no cloak)
rCorr    .         Harm     .   (no gloves)
MR       .....                  (no boots)
Stlth    +.........             (no amulet)
HPRegen  0.11/turn              (no ring)
MPRegen  0.09/turn              (no ring)

@: lethally poisoned (0 -> -5), stab, glowing
A: change form in water, swift swim, stealthy swim
a: Renounce Religion


You were on level 3 of the Dungeon.
You worshipped the Shining One.
The Shining One was noncommittal.
You were not hungry.

You visited 1 branch of the dungeon, and saw 3 of its levels.

You collected 149 gold pieces.

Inventory:

Hand Weapons
 a - a +0 long sword (weapon)
 p - a +3 flail of holy wrath
Missiles
 d - a throwing net (quivered)
Armour
 b - a +0 leather armour (worn)
 c - a +0 helmet (worn)
Wands
 o - a wand of enslavement (7)
Scrolls
 e - 2 scrolls of fog {unknown}
 g - 3 scrolls of identify {unknown}
 i - 4 scrolls of teleportation {unknown}
 j - a scroll of remove curse {unknown}
 m - a scroll of enchant weapon {unknown}
 r - 2 scrolls of magic mapping {unknown}
Potions
 h - a potion of curing
 k - a potion of might {unknown}
 l - a potion of brilliance {unknown}
 n - a potion of stabbing
 s - a potion of mutation {unknown}
Comestibles
 f - 6 rations


   Skills:
 - Level 2.1 Fighting
 + Level 6.0 Long Blades
 - Level 2.0 Throwing
 - Level 4.0 Dodging


You had 3 spell levels left.
You didn't know any spells.
Your spell library was empty.

Dungeon Overview and Level Annotations

Branches:
Dungeon (3/15)

Altars:
Ashenzari
Elyvilon
Trog
Yredelemnul
The Shining One


Message History

The orc wizard struggles against the net.
It was a potion of curing.
You feel better.
The orc wizard struggles against the net.
It was a potion of stabbing.
You feel ready to backstab.
The orc wizard struggles against the net.
The net rips apart, and the orc wizard comes free!
You closely miss the orc wizard.
The orc wizard is heavily wounded.
The orc wizard hits you but does no damage.
You are poisoned.
You closely miss the orc wizard.
The orc wizard is heavily wounded.
You feel sick. The orc wizard misses you.
You closely miss the orc wizard.
The orc wizard is heavily wounded.
You feel sick.
The orc wizard gestures at you while chanting.
The puff of frost hits you!
You die...

#.# .o# #.#
#####.# #.#
#...#.#
#.#####)#...######
#....(......oo...#
...#####.#######.#
#.## #.# #{# #.#
#.# #o# #.# #.#
#@# #.# #.# #.#
#.######.# #.#
.........# ...
########## .....
##### ##...##
....# ##.## ###.#
..^ #.# ...


You could see an orc wizard.

Vanquished Creatures
  4 gnolls (D:2)
  An ooze (D:1)
  A worm (D:3)
  2 dart slugs (D:1)
  An orc (D:3)
  3 giant cockroaches
  9 goblins
  6 hobgoblins
  8 jackals (D:3)
  5 kobolds
  A ball python (D:1)
  8 bats
  5 frilled lizards
  4 rats
58 creatures vanquished.

Notes
Turn   | Place    | Note
-------+----------+-------------------------------------------
     0 | D:1      | ReteAZ the Merfolk Gladiator began the quest for the Orb.
     0 | D:1      | Reached XP level 1. HP: 16/16 MP: 1/1
    31 | D:1      | Reached XP level 2. HP: 20/22 MP: 2/2
    33 | D:1      | Reached skill level 4 in Long Blades
   343 | D:1      | Reached XP level 3. HP: 23/27 MP: 3/3
   969 | D:2      | Reached skill level 5 in Long Blades
  1112 | D:2      | Reached XP level 4. HP: 3/33 MP: 4/4
  2095 | D:3      | Found a shattered altar of Ashenzari.
  2095 | D:3      | Found a white marble altar of Elyvilon.
  2100 | D:3      | Found a basalt altar of Yredelemnul.
  2102 | D:3      | Found a bloodstained altar of Trog.
  2104 | D:3      | Found a glowing golden altar of the Shining One.
  2107 | D:3      | Became a worshipper of the Shining One
  2217 | D:3      | Reached skill level 6 in Long Blades
  2277 | D:3      | HP: 1/33 [orc wizard/+2 dagger of venom (2)]
  2285 | D:3      | Killed from afar by an orc wizard

Levels and vault maps discovered:
D:1:      dpeg_arrival_pond, layout_rooms
D:2:      layout_basic
D:3:      layout_loops_ring, chequers_temple_overflow_minitemple

Skill      XL: |  1  2  3  4 |
---------------+-------------+-----
Long Blades    | 4 5 6 |  6.0
Fighting       | |  2.1
Throwing       | |  2.0
Dodging        | |  4.0

Action                   |  1- 3 |  4- 6 || total
-------------------------+-------+-------++-------
Melee: Long sword        |   104 |    65 ||   169
Throw: Throwing net      |       |     3 ||     3
  Use: Potion            |       |     2 ||     2
 Stab: Sleeping          |     2 |     1 ||     3
       Held in net/web   |       |     1 ||     1
  Eat: Chunk             |     1 |     4 ||     5
Armor: Leather armour    |    29 |    16 ||    45
Dodge: Dodged            |    84 |    43 ||   127
       Rpst.: Long sword |    30 |    16 ||    46

Table legend:
 A = Non-vault XP
 B = Vault XP
 C = Vault XP percentage of total XP
 D = Non-vault monster count
 E = Vault monster count
 F = Vault count percentage of total count
                 A         B        C        D         E       F
            +---------+---------+-------+---------+---------+-------
      Total |     160 |       0 |   0.0 |      58 |       0 |   0.0
            +---------+---------+-------+---------+---------+-------
        D:1 |      53 |       0 |   0.0 |      27 |       0 |   0.0
        D:2 |      74 |       0 |   0.0 |      16 |       0 |   0.0
        D:3 |      33 |       0 |   0.0 |      15 |       0 |   0.0
            +---------+---------+-------+---------+---------+-------
